 Dungeon Crawl Stone Soup version 0.29-a0-819-g94b489e0ae (webtiles) character file.

Game seed: 3954549752226737154

154 Derenoc the Ruffian (level 5, -5/52 HPs)
             Began as a Troll Monk on July 5, 2022.
             Slain by triguntf's ghost (16 damage)
             ... on level 3 of the Dungeon on July 6, 2022.
             The game lasted 00:11:52 (1307 turns).

Derenoc the Ruffian (Troll Monk)                    Turns: 1307, Time: 00:11:53

Health: -5/52      AC:  4    Str: 21    XL:     5   Next: 13%
Magic:  4/4        EV: 10    Int:  6    God:
Gold:   81         SH:  0    Dex: 12    Spells: 4/4 levels left

rFire   . . .      SeeInvis .     - Unarmed
rCold   . . .      Faith    .   (no shield)
rNeg    . . .      Spirit   .   a - +0 robe
rPois   .          Reflect  .   (helmet restricted)
rElec   .          Harm     .   (no cloak)
rCorr   .          Rampage  .   (gloves unavailable)
Will    .....                   (boots unavailable)
Stlth   ++........              (no amulet)
HPRegen 0.97/turn               (no ring)
MPRegen 0.09/turn               (no ring)

@: no status effects
A: large, unfitting armour, claws 3, regeneration 1, shaggy fur 1, tough skin 1
a: no special abilities


You were on level 3 of the Dungeon.
You visited 1 branch of the dungeon, and saw 3 of its levels.

You collected 81 gold pieces.

Inventory:

Missiles
 c - a throwing net (quivered)
Armour
 a - a +0 robe (worn)
Scrolls
 d - a scroll of enchant weapon {unknown}
 f - 2 scrolls of teleportation {unknown}
Potions
 b - 2 potions of ambrosia
 e - 3 potions of magic
 g - a potion of mutation {unknown}
 h - a potion of heal wounds {unknown}
 i - a potion of haste {unknown}
 j - a potion of cancellation {unknown}


   Skills:
 + Level 2.9 Fighting
 - Level 2.4 Dodging
 - Level 1.0 Stealth
 * Level 5.5 Unarmed Combat


You had 4 spell levels left.
You didn't know any spells.
Your spell library was empty.

Dungeon Overview and Level Annotations

Branches:
Dungeon (3/15)

Altars:

Shops:
D:2 [[!!

Annotations:
D:3 Zero's ghost, amateur GrSu; Zsanart's ghost, amateur DESu; triguntf's ghost, amateur HOFi


Innate Abilities, Weirdness & Mutations

You are too large for most types of armour.
You have claws for hands.
Your natural rate of healing is unusually fast.
You are covered in fur. (AC +1)
You have tough skin. (AC +1)


Message History

Triguntf's ghost is heavily damaged.
The bat barely misses you. x2; Triguntf's ghost misses you.
Zero's ghost misses you.
Zsanart's ghost mumbles some strange words.
The quokka bites you but does no damage.
You barely miss triguntf's ghost.
Triguntf's ghost is heavily damaged.
The bat closely misses you. Zero's ghost hits you. Triguntf's ghost hits you!
Zsanart's ghost barely misses you. The quokka barely misses you.
The bat barely misses you.
You closely miss triguntf's ghost.
Triguntf's ghost is heavily damaged.
The bat hits you but does no damage. x2; Triguntf's ghost hits you.
Zero's ghost closely misses you. Zsanart's ghost closely misses you.
The quokka bites you. The white imp gestures at you.
The puff of frost hits you!
* * * LOW HITPOINT WARNING * * *
Okay, then.
The quokka attacks as you move away! The quokka barely misses you.
Zsanart's ghost attacks as you move away!
Zsanart's ghost hits you.
* * * LOW HITPOINT WARNING * * *
Zsanart's ghost burns you.
* * * LOW HITPOINT WARNING * * *
The bat hits you but does no damage. The bat hits you.
* * * LOW HITPOINT WARNING * * *
Triguntf's ghost hits you but does no damage.
Zero's ghost gestures wildly while chanting.
The quokka attacks as you move away! The quokka closely misses you.
The bat hits you but does no damage. x3
The quokka twitches its whiskers.
The iron imp shouts, "Begone, thou weedy half-faced bladder!"
The quokka closely misses you.
You claw triguntf's ghost!
Triguntf's ghost is severely damaged.
The bat hits you but does no damage. The bat hits you.
* * * LOW HITPOINT WARNING * * *
Triguntf's ghost hits you!
You die...

.#......#####..#
....#...#...#.#
#..#..........#
.............#
#...........###### .
#................## ...
#....b............#
##..##.#@...............
.....r5brW..##..........
......WW5.#.##<)........
.####'r5####...)........
♣...r...♣##...........
#⌠....r..⌠###.........#
#♣.......♣# ##..).....#
#/........ #..........
##8..(..8## #..........


You could see an iron imp (summoned), Zero's ghost, Zsanart's ghost, triguntf's
ghost, a river rat (summoned), a white imp (summoned), a shadow imp (summoned),
4 quokkas and 2 bats.

Vanquished Creatures
  Natasha (thrice) (D:2)
  2 adders (D:2)
  A worm (D:2)
  2 dart slugs (D:1)
  An endoplasm (D:2)
  2 giant cockroaches
  10 goblins
  6 hobgoblins
  3 jackals (D:1)
  4 kobolds
  5 quokkas
  2 ball pythons (D:1)
  6 bats
  3 frilled lizards
  4 rats
54 creatures vanquished.

Notes
Turn   | Place    | Note
-------+----------+-------------------------------------------
     0 | D:1      | Derenoc the Troll Monk began the quest for the Orb.
     0 | D:1      | Reached XP level 1. HP: 22/22 MP: 0/0
    93 | D:1      | Reached XP level 2. HP: 29/29 MP: 1/1
   314 | D:1      | Reached XP level 3. HP: 36/36 MP: 2/2
   323 | D:1      | Reached skill level 4 in Unarmed Combat
   578 | D:2      | Found Cuewesh's Armour Shoppe.
   677 | D:2      | Found Diurph's Armour Shop.
   714 | D:2      | Noticed Natasha
   726 | D:2      | Killed Natasha
   727 | D:2      | Reached XP level 4. HP: 23/44 MP: 3/3
   824 | D:2      | Noticed Natasha
   832 | D:2      | Killed Natasha
   833 | D:2      | Reached skill level 5 in Unarmed Combat
   865 | D:2      | Found Xonaaguq's Distillery.
   866 | D:2      | Found Baqewn's Jewellery Boutique.
   908 | D:2      | Found Iday's Distillery.
  1073 | D:2      | Noticed Natasha
  1086 | D:2      | Killed Natasha
  1087 | D:2      | Reached XP level 5. HP: 47/52 MP: 4/4
  1287 | D:3      | Found a runed translucent gate.
  1288 | D:3      | Found a runed translucent gate.
  1289 | D:3      | Found a runed translucent gate.
  1290 | D:3      | Noticed Zero's ghost (amateur GrSu)
  1291 | D:3      | Noticed Zsanart's ghost (amateur DESu)
  1291 | D:3      | Noticed triguntf's ghost (amateur HOFi)
  1292 | D:3      | Upgraded the game from 0.29-a0-816-g82769f0e0c to
                  | 0.29-a0-819-g94b489e0ae
  1307 | D:3      | Slain by triguntf's ghost

Illustrated notes

Levels and vault maps discovered:
D:1:      dpeg_arrival_boxorama, layout_basic
D:2:      layout_loops_ring, serial_shops, nicolae_shop_crystal, shop,
          nicolae_shop_advertising_works [nicolae_subvault_shop_adworks], shop,
          shop, uniq_natasha
D:3:      layout_rooms, serial_curves, eino_curves_02, eino_curves_04,
          eino_curves_03, shapermc_ecumenical_altar_venn,
          gammafunk_ghost_cemetery

Skill      XL: |  1  2  3  4 |
---------------+-------------+-----
Unarmed Combat | 4 5 |  5.5
Fighting       | |  2.9
Dodging        | |  2.4
Stealth        | |  1.0

Action                   |  1- 3 |  4- 6 || total
-------------------------+-------+-------++-------
Melee: Unarmed           |   106 |    43 ||   149
       Punch             |     1 |     1 ||     2
  Use: Potion            |     1 |       ||     1
 Stab: Sleeping          |     4 |       ||     4
Armor: Robe              |    34 |    23 ||    57
Dodge: Dodged            |    61 |    33 ||    94

Table legend: (Time is in decaauts)
 A = Elapsed time spent in this place.
 B = Non-inter-level travel time spent in this place.
 C = Inter-level travel time spent in this place.
 D = Time resting spent in this place.
 E = Time spent auto-exploring this place.
 F = Levels seen in this place.
 G = Mean time per level.
                   A        B        C        D        E       F      G
               +--------+--------+--------+--------+--------+-----+--------+
         Total |   1301 |   1263 |     38 |      0 |    879 |   3 |  433.7 |
       Dungeon |   1301 |   1263 |     38 |      0 |    879 |   3 |  433.7 |
               +--------+--------+--------+--------+--------+-----+--------+

Top non-repeatable levels by time:
     D:2: 716 daAuts
     D:1: 541 daAuts
     D:3: 44 daAuts
